 Dungeon Crawl Stone Soup version 0.31-a0-265-gcf7e37af1d (webtiles) character file.

Game seed: 1524234667131976793

60 qw the Shooter (level 4, -1/26 HPs)
             Began as a Gargoyle Hexslinger on July 13, 2023.
             Slain by a hobgoblin (3 damage)
             ... led by Robin
             ... on level 2 of the Dungeon.
             The game lasted 00:00:24 (866 turns).

qw the Shooter (Gargoyle Hexslinger)                 Turns: 866, Time: 00:00:24

Health: -1/26      AC: 11    Str: 11    XL:     4   Next: 4%
Magic:  5/5        EV: 10    Int: 14    God:
Gold:   54         SH:  0    Dex: 14    Spells: 4/5 levels left

rFire   . . .        Y - +1 sling
rCold   . . .        (no shield)
rNeg    + . .        j - +0 ring mail
rPois   inf          f - +2 hat
rElec   +            (no cloak)
rCorr   .            (no gloves)
SInv    .            d - +0 pair of boots
Will    .....        (no amulet)
Stlth   +            (no ring)
HPRegen 0.24/turn    (no ring)
MPRegen 0.09/turn

%: no passive effects
@: no status effects
A: sickness immunity, AC +3, negative energy resistance 1, electricity
resistance, torment resistance 1, petrification resistance
a: no special abilities


You were on level 2 of the Dungeon.
You visited 1 branch of the dungeon, and saw 2 of its levels.

You collected 54 gold pieces.


Innate Abilities, Weirdness & Mutations

You are immune to sickness and miasma.
Your stone body is resilient. (AC +3)
You are immune to poison.
You resist negative energy. (rN+)
You are resistant to electric shocks. (rElec)
You are resistant to unholy torment.
You are immune to petrification.


   Skills:
 - Level 2.3 Fighting
 + Level 3.4 Ranged Weapons
 - Level 1.0 Armour
 - Level 1.5 Dodging
 - Level 1.0 Spellcasting
 - Level 2.6 Hexes


You had 4 spell levels left.
You knew the following spells:

 Your Spells              Type           Power      Damage    Failure   Level
a - Slow                  Hex            32%        N/A       21%         1

Your spell library contained the following spells:

 Spells                   Type           Power      Damage    Failure   Level
 Inner Flame              Hex/Fire       4%         N/A       71%         3
 Portal Projectile        Hex/Tloc       8%         N/A       71%         3
 Cause Fear               Hex            4%         N/A       90%         4

Inventory:

Hand Weapons
 Y - a +1 sling (weapon)
Armour
 d - a +0 pair of boots (worn)
 f - a +2 hat (worn)
 j - a +0 ring mail (worn)
Potions
 a - a potion of might {unknown}
 b - a potion of degeneration {unknown}
 g - 2 potions of curing
 h - a potion of cancellation
 i - a potion of enlightenment

Dungeon Overview and Level Annotations

Branches:
Dungeon (2/15)

Altars:

Annotations:
D:2 Robin


Message History

You shoot a sling bullet.
The sling bullet barely misses the goblin.
The goblin barely misses you. The goblin hits you with a +0 club.
A hobgoblin comes into view.
Robin roars a battlecry!
The goblins go into a battle-frenzy!
The goblin closely misses you. The goblin hits you but does no damage.
A goblin comes into view. It is wielding a +0 club.
Robin throws the goblin at you!
The hobgoblin moves out of view.
You hear a shout!
You shoot a sling bullet. The sling bullet hits the goblin.
The goblin is moderately wounded.
The goblin barely misses you. The goblin hits you but does no damage.
You shoot a sling bullet.
The sling bullet barely misses the goblin.
The sling bullet hits Robin.
Robin is severely wounded.
The goblin hits you with a +0 club. The goblin hits you but does no damage.
The hobgoblin hits you. x2; The goblin hits you but does no damage.
The hobgoblin hits you but does no damage.
The goblin hits you with a +0 dagger.
The hobgoblin hits you but does no damage.
The goblin hits you but does no damage. x2
You shoot a sling bullet. The sling bullet hits the goblin.
You kill the goblin!
The goblin closely misses you.
A goblin comes into view. It is wielding a +0 club.
The hobgoblin hits you but does no damage.
The goblin hits you but does no damage.
You shoot a sling bullet.
The sling bullet hits Robin but does no damage.
Robin is severely wounded.
The goblin hits you but does no damage. x2
The hobgoblin hits you but does no damage.
The hobgoblin closely misses you. Robin hits you but does no damage.
You shoot a sling bullet. The sling bullet barely misses Robin.
The goblin hits you but does no damage. x2; The hobgoblin misses you.
The hobgoblin hits you. The goblin hits you with a +0 dagger.
The goblin closely misses you. The hobgoblin hits you.
You die...

#.........# #........
...#.#.#..# #.#.#.#.#.
.......... ..........
#.#.#.#.# ##.#.#.#.#.
#......%###..........
##.#.#.#.##...#.#.#.#.
#...........#.g...)...
#.#####.#####g#g#.#.#.
###.#####.##..)g@gg..g..
..............###gg###.#
..#####..##.#......g..
#...........# ####.##..
....###..#### ...
###.....### #.#
#.......######### ...
#..#####.........# #.
... #########.# #


You could see Robin, 4 hobgoblins and 5 goblins.

Vanquished Creatures
  3 adders (D:2)
  2 endoplasms
  4 giant cockroaches
  6 goblins
  3 jackals (D:1)
  2 ball pythons
  4 bats
  2 frilled lizards
  4 kobolds
30 creatures vanquished.

Notes
Turn   | Place    | Note
-------+----------+-------------------------------------------
     0 | D:1      | qw the Gargoyle Hexslinger began the quest for the Orb.
     0 | D:1      | Reached XP level 1. HP: 12/12 MP: 2/2
     0 | D:1      | 0 ||| qw: Version: 0.3-a-52-g30416fa
     0 | D:1      | 0 ||| qw: Game counter: 7620
     0 | D:1      | 0 ||| qw: Melee chars always use a shield: true
     0 | D:1      | 0 ||| qw: God list: Okawaru
     0 | D:1      | 0 ||| qw: Allow faded altars: false
     0 | D:1      | 0 ||| qw: Do Orc after clearing Dungeon:15 true
     0 | D:1      | 0 ||| qw: Do second Lair branch before Depths: true
     0 | D:1      | 0 ||| qw: Lair rune preference: random
     0 | D:1      | 0 ||| qw: Goals: Normal
     0 | D:1      | 0 ||| PLANNING D:1-11
   123 | D:1      | Reached XP level 2. HP: 10/16 MP: 3/3
   222 | D:1      | Reached skill level 3 in Ranged Weapons
   696 | D:1      | 696 ||| UPGRADING to +0 pair of boots.
   701 | D:1      | 701 ||| UPGRADING to +2 hat.
   706 | D:1      | 706 ||| UPGRADING to +0 ring mail.
   716 | D:1      | 716 ||| DROPPING +0 robe.
   717 | D:1      | 717 ||| READING scroll labelled RUDWEURARU.
   718 | D:1      | 718 ||| DRINKING 3 viscous golden potions.
   719 | D:1      | 719 ||| DRINKING 2 glowing orange potions.
   720 | D:1      | 720 ||| DROPPING scroll of poison.
   747 | D:2      | 747 ||| DRINKING 2 murky blue potions.
   763 | D:2      | Reached XP level 3. HP: 21/21 MP: 4/4
   822 | D:2      | Reached skill level 1 in Armour
   854 | D:2      | Reached XP level 4. HP: 26/26 MP: 5/5
   856 | D:2      | Noticed Robin
   866 | D:2      | HP: 2/26 [goblin/+0 dagger[Robin] (5)]
   866 | D:2      | Slain by a hobgoblin

Levels and vault maps discovered:
D:1:      roderic_crop_circles_arrival_small, layout_loops_ring,
          minmay_tree_intersection
D:2:      kennysheep_the_goblin_king, layout_rooms, serial_glass,
          glass_columns_b, glass_columns_c, glass_columns_b, glass_columns_a,
          glass_columns_a, glass_columns_a, shapermc_ecumenical_altar_ellora,
          uniq_robin

Skill      XL: |  1  2  3 |
---------------+----------+-----
Ranged Weapons | 3 |  3.4
Fighting       | 2 |  2.3
Armour         | 1 |  1.0
Dodging        | |  1.5
Spellcasting   | |  1.0
Hexes          | |  2.6

Action                     |  1- 3 |  4- 6 || total
---------------------------+-------+-------++-------
   Fire: Sling             |    87 |    10 ||    97
    Use: Potion            |     3 |       ||     3
         Scroll            |     1 |       ||     1
 Armour: Robe              |    10 |       ||    10
         Ring mail         |    14 |    17 ||    31
  Dodge: Dodged            |    35 |     9 ||    44

Table legend:
 A = Non-vault XP
 B = Vault XP
 C = Vault XP percentage of total XP
 D = Non-vault monster count
 E = Vault monster count
 F = Vault count percentage of total count
                 A         B        C        D         E       F
            +---------+---------+-------+---------+---------+-------
      Total |      82 |       4 |   4.7 |      28 |       2 |   6.7
            +---------+---------+-------+---------+---------+-------
        D:1 |      28 |       0 |   0.0 |      17 |       0 |   0.0
        D:2 |      54 |       4 |   6.9 |      11 |       2 |  15.4
            +---------+---------+-------+---------+---------+-------
